 Dungeon Crawl Stone Soup version 0.20.1-1-g8b1a95d (webtiles) character file.

231 vineage the Twirler (level 5, -1/40 HPs)
             Began as a Demonspawn Gladiator on Aug 20, 2017.
             Slain by a phantom (8 damage)
             ... on level 4 of the Dungeon.
             The game lasted 00:05:23 (3351 turns).

vineage the Twirler (Demonspawn Gladiator)          Turns: 3351, Time: 00:05:24

Health: -1/40      AC:  7    Str: 15    XL:     5   Next: 73%
Magic:  5/5        EV: 13    Int: 10    God:
Gold:   147        SH:  0    Dex: 16    Spells: 4/4 levels left

rFire    . . .     SeeInvis .   a - +1 quarterstaff
rCold    . . .     Gourm    .   (shield currently unavailable)
rNeg     . . .     Faith    .   b - +0 leather armour
rPois    .         Spirit   .   c - +0 helmet
rElec    .         Reflect  .   l - +0 cloak
rCorr    .         Harm     .   (no gloves)
MR       .....                  (no boots)
Stlth    +++.......             (no amulet)
Regen    0.2/turn               k - +2 ring of dexterity
MPRegen  0.1/turn               (no ring)

@: about to teleport
A: thin metallic scales 1, demonic guardian 1, nightstalker 1
a: no special abilities


You were on level 4 of the Dungeon.
You were not hungry.

You visited 1 branch of the dungeon, and saw 4 of its levels.

You collected 147 gold pieces.

Inventory:

Hand Weapons
 a - a +1 quarterstaff (weapon)
Missiles
 d - 3 throwing nets (quivered)
Armour
 b - a +0 leather armour (worn)
 c - a +0 helmet (worn)
 l - a +0 cloak (worn)
Jewellery
 k - a +2 ring of dexterity (left hand)
Wands
 p - a wand of paralysis (13/24)
Scrolls
 i - a scroll of enchant weapon
Potions
 j - 2 potions of lignification
 m - a potion of ambrosia
Books
 h - a book of Misfortune

   Spells                             Type                      Level
   a - Confusing Touch                Hexes                        1
   b - Confuse                        Hexes                        3
   c - Gell's Gravitas                Translocation                3
   d - Petrify                        Transmutation/Earth          4
   e - Metabolic Englaciation         Hexes/Ice                    5
   f - Yara's Violent Unravelling     Hexes/Transmutation          5
Comestibles
 f - 4 bread rations
 o - a meat ration
 q - a fruit


   Skills:
 + Level 2.8 Fighting
 + Level 4.5 Staves
 + Level 1.8 Throwing
 + Level 1.5 Armour
 + Level 3.3 Dodging
 + Level 1.3 Stealth


You had 4 spell levels left.
You didn't know any spells.

Dungeon Overview and Level Annotations

Branches:
Dungeon (4/15)
 Temple: D:4-7

Altars:


Innate Abilities, Weirdness & Mutations

You are partially covered in thin metallic scales. (AC +2)
A weak demonic guardian rushes to your aid.
You are slightly more attuned to the shadows.


Message History

Your quasit barely misses the phantom.
Your quasit misses the phantom. You closely miss the hound.
The hound is severely wounded.
The hound bites you. The phantom hits your quasit.
The phantom blinks!
Your quasit bites the hound.
Your quasit claws the hound but does no damage.
Your quasit closely misses the hound.
The hound misses you.
You sock the hound!
You kill the hound!
You swap places.
The phantom hits you!
* * * LOW HITPOINT WARNING * * *
You see here a hound corpse.
Your quasit disappears in a puff of smoke!
Okay, then.
As you read the scroll labeled LAS SAB BOIPS, it crumbles to dust.
You feel strangely unstable.
It was a scroll of teleportation.
The phantom completely misses you.
As you read the scroll labeled MIEREI QATEINO, it crumbles to dust.
The scroll dissolves into smoke.
It was a scroll of fog.
The phantom hits you!
You die...

.####..###....#
##.....#.....
###....######
...#.#.#
##.#.#.# #..#.#
##.5§# ..#.§#W#
#..§§@# #..§§§#
....§§§#
##.....#
........
#.####.# .. #.#


You could see a phantom and a friendly shadow imp.

Vanquished Creatures
  A hound (D:4)
  A centaur skeleton (D:4)
  A worker ant (D:4)
  2 adders (D:2)
  2 worms
  3 dart slugs (D:1)
  2 leopard geckos
  An orc (D:3)
  4 giant cockroaches
  5 hobgoblins
  8 jackals
  2 quokkas
  3 ball pythons
  6 bats
  8 frilled lizards
  15 goblins
  6 kobolds
  9 rats
79 creatures vanquished.

Vanquished Creatures (collateral kills)
  The ghost of Thomus the Conjurer, a weakling DECj (D:3)
  A jelly (D:3)
  Ijyb (D:3)
  An adder (D:3)
  A goblin (D:3)
  A frilled lizard (D:3)
6 creatures vanquished.

Grand Total: 85 creatures vanquished

Notes
Turn   | Place    | Note
-------+----------+-------------------------------------------
     0 | D:1      | vineage the Demonspawn Gladiator began the quest for the Orb.
     0 | D:1      | Reached XP level 1. HP: 16/16 MP: 1/1
    37 | D:1      | Gained mutation: You are partially covered in thin metallic scales. (AC +2) [demonic ancestry]
    37 | D:1      | Reached XP level 2. HP: 12/22 MP: 2/2
    78 | D:1      | Reached skill level 3 in Staves
   697 | D:1      | Reached XP level 3. HP: 27/27 MP: 3/3
  2013 | D:2      | Gained mutation: A weak demonic guardian rushes to your aid. [demonic ancestry]
  2013 | D:2      | Reached XP level 4. HP: 22/34 MP: 4/4
  2712 | D:3      | Reached skill level 1 in Armour
  2768 | D:3      | Noticed Thomus's ghost (weakling DECj)
  2773 | D:3      | Killed Thomus's ghost
  2809 | D:3      | Reached skill level 4 in Staves
  2959 | D:3      | Gained mutation: You are slightly more attuned to the shadows. [demonic ancestry]
  2959 | D:3      | Reached XP level 5. HP: 36/39 MP: 5/5
  3080 | D:3      | Reached skill level 1 in Stealth
  3097 | D:3      | Noticed Ijyb
  3097 | D:3      | Paralysed by Ijyb for 2 turns
  3113 | D:3      | Killed Ijyb
  3307 | D:4      | Noticed a phantom
  3351 | D:4      | Slain by a phantom

Skill      XL: |  1  2  3  4  5 |
---------------+----------------+-----
Dodging        | 3 |  3.3
Staves         | 3 4 |  4.5
Armour         | 1 |  1.5
Stealth        | 1 |  1.3
Fighting       | |  2.8
Throwing       | |  1.8

Action                   |  1- 3 |  4- 6 || total
-------------------------+-------+-------++-------
Melee: Quarterstaff      |   144 |   107 ||   251
  Use: Scroll            |       |     6 ||     6
       Potion            |       |     1 ||     1
 Stab: Sleeping          |     1 |     2 ||     3
  Eat: Chunk             |     3 |     1 ||     4
       Meat ration       |       |     1 ||     1
Armor: Leather armour    |    51 |    28 ||    79
Dodge: Dodged            |   124 |    88 ||   212
